 Dungeon Crawl Stone Soup version 0.25-a0-578-gc91f01c39c (webtiles) character file.

Game seed: 12293625175800538651, levelgen mode: deterministic

14175 Gargoyl the Cleaver (level 11, -2/89 (91) HPs)
             Began as a Centaur Abyssal Knight on Mar 2, 2020.
             Was an Elder of Lugonu.
             Slain by a cyclops (27 damage)
             ... on level 11 of the Dungeon on Mar 3, 2020.
             The game lasted 00:22:51 (21059 turns).

Gargoyl the Cleaver (Centaur Abyssal Knight)       Turns: 21059, Time: 00:22:52

HP:   -2/89 (91)    AC: 15    Str: 16    XL:     11   Next: 85%
MP:   17/17         EV:  5    Int: 11    God:    Lugonu [****..]
Gold: 658           SH:  6    Dex: 11    Spells: 10/10 levels left

rFire    . . .     SeeInvis .   z - +3 hand axe (curse)
rCold    . . .     Gourm    .   w - +2 buckler
rNeg     . . .     Faith    .   x - +0 plate armour
rPois    +         Spirit   .   (helmet restricted)
rElec    .         Reflect  .   v - scarf {cloud immunity}
rCorr    .         Harm     .   d - +2 pair of gloves
MR       .....     Rnd*Rage +   (no barding)
Stlth    ..........             (no amulet)
HPRegen  0.24/turn              h - ring of stealth
MPRegen  0.15/turn              u - ring of poison resistance

@: very quick
A: large, antennae 1, hooves 3, berserk 1, deformed body, speed 2, tough skin 3
a: Depart the Abyss, Bend Space, Banish, Corrupt, Renounce Religion


You were on level 11 of the Dungeon.
You worshipped Lugonu.
Lugonu was greatly pleased with you.
You were not hungry.

You visited 2 branches of the dungeon, and saw 12 of its levels.
You visited the Abyss 1 time.

You collected 658 gold pieces.

Inventory:

Hand Weapons
 a - a +2 hand axe
 z - a cursed +3 hand axe (weapon)
Missiles
 j - 3 javelins (quivered)
Armour
 d - a +2 pair of gloves (worn)
 e - a cursed +0 helmet
 v - a scarf of cloud immunity (worn)
 w - a +2 buckler (worn)
 x - a +0 plate armour (worn)
Jewellery
 h - a ring of stealth (left hand)
 u - a ring of poison resistance (right hand)
 y - a cursed ring of teleportation {unknown}
Wands
 g - a wand of paralysis (9)
 l - a wand of enslavement (14)
 t - a wand of flame (12)
 A - a wand of iceblast (10)
 C - a wand of polymorph (7)
Scrolls
 b - a scroll of fear
 f - 3 scrolls of identify
 i - 5 scrolls of teleportation
 n - 7 scrolls of remove curse
 q - a scroll of fog
Potions
 k - 2 potions of stabbing
 m - 2 potions of flight
 o - a potion of cancellation
 p - a potion of might
 r - 2 potions of resistance
 s - a potion of lignification {unknown}
 B - 2 potions of heal wounds
Comestibles
 c - 22 rations
 D - 5 chunks of flesh


   Skills:
 + Level 6.9 Fighting
 + Level 8.8 Axes
 + Level 1.8 Throwing
 * Level 8.4 Armour
 * Level 5.7 Dodging
 + Level 2.8 Shields
 * Level 8.7 Invocations


You had 10 spell levels left.
You didn't know any spells.
Your spell library contained the following spells:

 Spells                   Type           Power        Failure   Level  Hunger
 Beastly Appendage        Tmut           #.....       100%        1    ##.....
 Sticks to Snakes         Tmut           #.......     100%        2    ###....
 Spider Form              Tmut/Pois      #.........   100%        3    ####...
 Ice Form                 Ice/Tmut       #.......     100%        4    #####..
 Blade Hands              Tmut           #.........   100%        5    ######.


Dungeon Overview and Level Annotations

Branches:
Dungeon (11/15)            Temple (0/1) D:6            Lair (1/6) D:9
    Orc (0/2) D:10

Altars:
Ashenzari
Dithmenos
Gozag
Kikubaaqudgha
Makhleb
Okawaru
Ru
Sif Muna
Uskayaw
Wu Jian
Xom
Yredelemnul
Zin
The Shining One

Shops:
D:7 %

Annotations:
Abyss:1 Ijyb, Joseph


Innate Abilities, Weirdness & Mutations

You have hooves in place of feet.
Armour fits poorly on your strangely shaped body.
You cover ground very quickly.
You have extremely tough skin. (AC +3)
You have a pair of small antennae on your head.
You tend to lose your temper in combat.


Message History

The cyclops is moderately wounded.
You block the cyclops's attack.
You hit the cyclops. You kick the cyclops.
The cyclops is heavily wounded.
The cyclops hits you but does no damage.
You hit the cyclops but do no damage. You kick the cyclops.
The cyclops is heavily wounded.
You hit the cyclops but do no damage. You kick the cyclops.
The cyclops is severely wounded.
The cyclops hits you!!
* * * LOW HITPOINT WARNING * * *
You hit the cyclops.
The cyclops is severely wounded.
You hit the cyclops but do no damage. You kick the cyclops.
The cyclops is severely wounded.
You block the cyclops's attack.
You hit the cyclops.
The cyclops is almost dead.
The cyclops hits you!!
You die...

##..##..# #.. ...
##..##.####.. ..## ..#
##......##.. #####... #.#
####....#.. ........ #C#
#....#.. ........ #.#
#####..... ........ #.#
##.......... ........##.#
...####.....
........@#.##.######.#.#.
.....>.#.C...............
.....................###.
.......#)÷.........####..
##.#####†#.#.............
# #†#..####..#.##...
#..#..# ...>..##.
##.##.###.........
###.##...........#.


You could see a cyclops.

Vanquished Creatures
  Psyche (D:10)
  A spiny frog (Lair:1)
  A komodo dragon (D:10)
  3 kobold demonologists (D:9)
  A troll (D:10)
  A wraith (D:11)
  A human (D:9)
  9 yaks (D:11)
  4 hogs (D:9)
  3 hungry ghosts
  A soldier ant (D:11)
  4 porcupines
  4 ice beasts
  9 orc warriors
  4 sky beasts
  7 ogres
  2 black bears
  A necrophage (D:11)
  4 phantoms
  2 crocodiles
  2 centaurs
  15 big kobolds
  Blork the orc (D:6)
  2 gnoll sergeants (D:10)
  8 bullfrogs
  2 scorpions
  3 wights (D:10)
  9 killer bees
  4 howler monkeys
  3 bullfrog zombies
  4 crimson imps
  2 hounds
  A centaur zombie (D:11)
  3 centaur skeletons
  7 orc priests
  4 bullfrog skeletons
  A gnoll shaman (D:5)
  4 iguanas
  11 orc wizards
  6 worker ants
  A hound zombie (D:6)
  A hound skeleton (D:4)
  A worker ant zombie (D:8)
  14 adders
  9 gnolls
  2 river rats (D:3)
  4 shadow imps
  A white imp (D:4)
  An adder skeleton (D:5)
  5 worms
  3 dart slugs
  9 leopard geckos
  33 orcs
  5 bats
  8 giant cockroaches
  8 goblins
  3 hobgoblins
  7 jackals
  28 kobolds
  6 quokkas
  9 ball pythons
  5 frilled lizards
  A giant cockroach zombie (D:6)
  A goblin skeleton (D:4)
  3 goblin zombies (D:4)
  A hobgoblin zombie (D:4)
  A jackal skeleton (D:7)
  2 kobold skeletons (D:4)
  A kobold zombie (D:4)
  A leopard gecko skeleton (D:7)
  2 orc skeletons (D:4)
  An orc zombie (D:4)
  8 rats
  3 fungi (D:9)
343 creatures vanquished.

Vanquished Creatures (collateral kills)
  An ogre (D:4)
1 creature vanquished.

Vanquished Creatures (others)
  The ghost of Clehvi the Thaumaturge, a journeyman GnSk of Okawaru (D:9)
  A hydra (Lair:1)
  An ugly thing (D:9)
  A gargoyle (D:10)
  A komodo dragon (Lair:1)
  An ice beast (D:5)
  A fungus (Lair:1)
7 creatures vanquished.

Grand Total: 351 creatures vanquished

Notes
Turn   | Place    | Note
-------+----------+-------------------------------------------
     0 | Abyss:1  | Gargoyl the Centaur Abyssal Knight began the quest for the
                  | Orb.
     0 | Abyss:1  | Reached XP level 1. HP: 19/19 MP: 2/2
    54 | Abyss:3  | Noticed an insubstantial wisp
    54 | Abyss:3  | Noticed an insubstantial wisp
    54 | Abyss:3  | Noticed an insubstantial wisp
    54 | Abyss:3  | Noticed an insubstantial wisp
    54 | Abyss:3  | Noticed an insubstantial wisp
    73 | Abyss:3  | Found a corrupted altar of Lugonu.
    83 | D:1      | Escaped the Abyss
   350 | D:1      | Reached * piety under Lugonu
   350 | D:1      | Reached XP level 2. HP: 26/26 MP: 3/3
   815 | D:1      | Reached XP level 3. HP: 31/31 MP: 4/4
  1057 | D:2      | Reached skill level 1 in Dodging
  1620 | D:2      | Reached ** piety under Lugonu
  1697 | D:3      | Reached XP level 4. HP: 37/39 MP: 5/5
  2030 | D:5      | Entered Level 5 of the Dungeon
  2232 | D:5      | Reached XP level 5. HP: 25/46 MP: 7/7
  3152 | D:4      | Noticed an ice beast
  3165 | D:4      | Killed an ice beast
  3165 | D:4      | Reached XP level 6. HP: 20/52 MP: 8/8
  3388 | D:4      | Found a glowing golden altar of the Shining One.
  3397 | D:4      | Reached *** piety under Lugonu
  3750 | D:4      | Found a basalt altar of Yredelemnul.
  4047 | D:2      | Gained mutation: You tend to lose your temper in combat.
                  | [potion of mutation]
  4047 | D:2      | Gained mutation: You have a pair of small antennae on your
                  | head. [potion of mutation]
  5006 | D:3      | Reached XP level 7. HP: 42/59 MP: 9/9
  5187 | D:4      | Upgraded the game from 0.25-a0-577-ga4619f409e to
                  | 0.25-a0-578-gc91f01c39c
  5352 | D:4      | Found a shattered altar of Ashenzari.
  5352 | D:4      | Found a shimmering blue altar of Sif Muna.
  5355 | D:4      | Found an ancient bone altar of Kikubaaqudgha.
  5637 | D:5      | You fall into a shaft and drop 1 floor!
  5669 | D:6      | Reached **** piety under Lugonu
  5944 | D:5      | Found an iron altar of Okawaru.
  6123 | D:5      | Found a burning altar of Makhleb.
  6246 | D:5      | Noticed Ijyb
  6260 | D:5      | Banished Ijyb
  6540 | D:5      | Reached skill level 1 in Throwing
  6699 | D:5      | Found an ornate altar of the Wu Jian Council.
  6836 | D:5      | Reached skill level 1 in Shields
  7190 | D:6      | Reached XP level 8. HP: 56/67 MP: 9/11
  7209 | D:6      | Found a shadowy altar of Dithmenos.
  7270 | D:6      | Found a sacrificial altar of Ru.
  7440 | D:6      | Reached skill level 5 in Axes
  7563 | D:6      | Found a glowing silver altar of Zin.
  7563 | D:6      | Found a shimmering altar of Xom.
  7563 | D:6      | Noticed an angel
  7653 | D:6      | Found a staircase to the Ecumenical Temple.
  8074 | D:6      | Noticed Blork the orc
  8111 | D:6      | Killed Blork the orc
  8663 | D:7      | Reached skill level 5 in Fighting
  8684 | D:7      | Reached XP level 9. HP: 26/74 MP: 12/12
  8858 | D:7      | Reached skill level 5 in Invocations
  9170 | D:7      | Found Fimpan's Food Emporium.
  9332 | D:7      | Found a glowing silver altar of Zin.
  9667 | D:8      | Reached skill level 5 in Armour
 11262 | D:9      | Noticed a +0 hand axe
 11262 | D:9      | Noticed a -3 hand axe
 11289 | D:9      | Found a hide-covered altar of Uskayaw.
 11353 | D:9      | Found a runed translucent gate.
 11353 | D:9      | Found a runed translucent gate.
 11353 | D:9      | Found a runed translucent gate.
 11355 | D:9      | Noticed a kobold demonologist
 11355 | D:9      | Noticed a kobold demonologist
 11356 | D:9      | Noticed Clehvi's ghost (journeyman GnSk)
 11357 | D:9      | Identified the +0 dagger "Cios" {drain, +Blink Str+2 Int+4}
 11357 | D:9      | Noticed a kobold demonologist
 11890 | D:9      | Found a staircase to the Lair.
 11898 | D:9      | Reached XP level 10. HP: 37/83 MP: 14/14
 12204 | D:9      | Reached ***** piety under Lugonu
 12422 | D:9      | Noticed a smoke demon
 12430 | D:9      | Banished Clehvi's ghost
 12435 | D:9      | Noticed an orange demon
 12441 | D:9      | Noticed a sixfirhy
 12454 | D:10     | Entered Level 10 of the Dungeon
 13326 | D:9      | Noticed a brown ugly thing
 13600 | D:9      | Banished a brown ugly thing
 13809 | D:9      | Reached skill level 5 in Dodging
 13945 | D:9      | Noticed Joseph
 13960 | D:9      | Banished Joseph
 14422 | Lair:1   | Entered Level 1 of the Lair of Beasts
 14535 | Lair:1   | Noticed a five-headed hydra
 14538 | Lair:1   | Banished a five-headed hydra
 14538 | Lair:1   | Reached XP level 11. HP: 90/90 MP: 7/16
 14661 | Lair:1   | HP: 3/90 [spiny frog (3)]
 15700 | D:10     | Found an opulent altar of Gozag.
 15790 | D:10     | Noticed Psyche
 15804 | D:10     | Killed Psyche
 17796 | D:10     | Found a staircase to the Orcish Mines.
 19340 | D:10     | Got a bloodstained robe
 19351 | D:10     | Identified the +2 robe of Beogh's Esteem {Int+4} (You found
                  | it on level 10 of the Dungeon)
 21059 | D:11     | Slain by a cyclops

Levels and vault maps discovered:
D:1:      psy_arrival_basics, layout_basic
D:2:      layout_basic, first_ration
D:3:      layout_basic, portal_sewer_entry_e, st_stairs_10
D:4:      layout_basic, nicolae_tso_besieged_by_evil,
          chequers_temple_overflow_statue_of_worship, lemuel_round_altar
D:5:      layout_basic, lemuel_round_altar, overflow_temple_1_default,
          old_standard_altar, uniq_ijyb
D:6:      minmay_opposing_rooms, layout_loops_corners,
          grunt_temple_overflow_order_and_chaos_1, lemuel_doored_altar,
          kennysheep_mini_moat, temple_statues, uniq_blork_the_orc
D:7:      layout_gridville, serial_shops, shop, basic_altar
D:8:      layout_loops_ring
D:9:      layout_loops_ring, dancing_weapons_uskayaw,
          grunt_lair_entry_orc_guard_hut, gammafunk_ghost_nasty_kobolds,
          grunt_livestock, minmay_fractal_squares_gapless_7, uniq_joseph
D:10:     layout_gridville, kennysheep_orc_monster_closet_entryway,
          grunt_gozag_statues, uniq_psyche
D:11:     layout_rooms, chequers_serial_rivers_small_b
Lair:1:   layout_regular_city, infiniplex_staircase_pool, lemuel_fruit_fields,
          uniq_harold

Skill      XL: |  1  2  3  4  5  6  7  8  9 10 11 |
---------------+----------------------------------+-----
Axes           | 2 3 4 6 7 8 |  8.8
Dodging        | 1 2 3 4 5 |  5.7
Armour         | 2 3 4 5 7 8 |  8.4
Invocations    | 3 4 6 7 8 |  8.7
Fighting       | 4 5 6 |  6.9
Throwing       | 1 |  1.8
Shields        | 1 2 |  2.8

Action                   |  1- 3 |  4- 6 |  7- 9 | 10-12 || total
-------------------------+-------+-------+-------+-------++-------
Melee: Hand axe          |    93 |   233 |   285 |   519 ||  1130
       Kick              |    17 |    41 |    99 |   211 ||   368
       War axe           |       |       |   205 |   312 ||   517
Throw: Javelin           |       |       |    13 |     1 ||    14
Invok: Depart the Abyss  |     1 |       |       |       ||     1
       Banish            |       |       |     2 |    11 ||    13
Evoke: Wand              |       |       |     3 |       ||     3
  Use: Scroll            |     6 |     2 |     9 |     2 ||    19
       Potion            |       |     6 |       |     4 ||    10
 Stab: Distracted        |       |       |       |     1 ||     1
  Eat: Chunk             |     1 |     7 |    14 |    21 ||    43
       Ration            |       |     1 |     4 |     4 ||     9
Armor: Leather armour    |    48 |    19 |       |       ||    67
       Ring mail         |       |   109 |    99 |       ||   208
       Chain mail        |       |       |   133 |   103 ||   236
       Plate armour      |       |       |       |   350 ||   350
Dodge: Dodged            |    48 |   119 |   160 |   167 ||   494
Block: Buckler           |       |     6 |    78 |   208 ||   292

Table legend:
 A = Non-vault XP
 B = Vault XP
 C = Vault XP percentage of total XP
 D = Non-vault monster count
 E = Vault monster count
 F = Vault count percentage of total count
                 A         B        C        D         E       F
            +---------+---------+-------+---------+---------+-------
      Total |   12307 |    7943 |  39.2 |     264 |      85 |  24.4
            +---------+---------+-------+---------+---------+-------
        D:1 |      42 |       0 |   0.0 |      21 |       0 |   0.0
        D:2 |      82 |       3 |   3.5 |      14 |       1 |   6.7
        D:3 |     185 |      41 |  18.1 |      28 |      10 |  26.3
        D:4 |     459 |      22 |   4.6 |      19 |      12 |  38.7
        D:5 |     392 |      27 |   6.4 |      20 |       1 |   4.8
        D:6 |    1083 |     322 |  22.9 |      19 |      10 |  34.5
        D:7 |     606 |       0 |   0.0 |      28 |       0 |   0.0
        D:8 |    1330 |       0 |   0.0 |      30 |       0 |   0.0
        D:9 |    1073 |    6331 |  85.5 |      18 |      43 |  70.5
       D:10 |    2289 |    1197 |  34.3 |      34 |       8 |  19.0
       D:11 |    3217 |       0 |   0.0 |      26 |       0 |   0.0
     Lair:1 |    1549 |       0 |   0.0 |       7 |       0 |   0.0
            +---------+---------+-------+---------+---------+-------
